 Dungeon Crawl Stone Soup version 0.25-a0-1133-g93ebf739aa (webtiles) character file.

Game seed: 16383625749789925369, levelgen mode: deterministic

67788 Gwenloh the Severer (level 15, -4/139 HPs)
             Began as a Hill Orc Berserker on May 21, 2020.
             Was an Elder of Trog.
             Killed by divine providence
             ... invoked by an orc high priest
              (14 damage)
             ... on level 2 of the Orcish Mines.
             The game lasted 02:05:19 (26342 turns).

Gwenloh the Severer (Hill Orc Berserker)           Turns: 26342, Time: 02:05:21

Health: -4/139     AC: 26    Str: 22    XL:     15   Next: 24%
Magic:  18/18      EV: 14    Int:  7    God:    Trog [****..]
Gold:   1905       SH: 27    Dex: 18    Spells: 14/14 levels left

rFire    + + .     SeeInvis .   a - +5 war axe (vorpal)
rCold    x . .     Gourm    .   R - +8 tower shield of Disaster {Dex+3}
rNeg     + . .     Faith    .   X - +3 fire dragon scales
rPois    .         Spirit   .   (no helmet)
rElec    .         Reflect  .   V - scarf {+Inv}
rCorr    .         Harm     .   g - +2 pair of gloves
MR       +++..                  E - +2 pair of boots {run}
Stlth    +.........             x - amulet "Xithroug" {*Drain rN+ Regen+ Slay+3 Stlth+}
HPRegen  1.73/turn              (no ring)
MPRegen  0.16/turn              Y - +4 ring of protection

@: about to teleport, berserk cooldown, regenerating, slowed, very slow
A: no striking features
a: Berserk, Trog's Hand, Brothers in Arms, Renounce Religion, Convert to Beogh,
Evoke Invisibility


You were on level 2 of the Orcish Mines.
You worshipped Trog.
Trog was greatly pleased with you.
You were not hungry.

You visited 3 branches of the dungeon, and saw 20 of its levels.
You also visited: Ossuary and Volcano.

You collected 2925 gold pieces.
You spent 1020 gold pieces at shops.

Inventory:

Hand Weapons
 a - a +5 vorpal war axe (weapon)
 b - a +0 hand crossbow
 v - a +6 vampiric battleaxe
 F - the +6 shortbow of Honour {venom, +Fly rF- rC+ Dex+2}
   (You found it on level 5 of the Lair of Beasts)

   It poisons the ammo it fires.
   It affects your dexterity (+2).
   It makes you vulnerable to fire.
   It protects you from cold.
   It lets you fly.
 N - a +1 antimagic broad axe
 Q - a +2 vorpal flail
Missiles
 r - 410 arrows
 u - 81 poisoned darts (quivered)
 G - 2 throwing nets
 Z - 17 bolts
Armour
 g - a +2 pair of gloves (worn)
 E - a +2 pair of boots of running (worn)
 R - the +8 tower shield of Disaster (worn) {Dex+3}
   (You found it on level 5 of the Lair of Beasts)

   It affects your dexterity (+3).
 V - a scarf of invisibility (worn)
 X - +3 fire dragon scales (worn)
Jewellery
 x - the amulet "Xithroug" (around neck) {*Drain rN+ Regen+ Slay+3 Stlth+}
   (You found it on level 2 of the Lair of Beasts)

   [amulet of regeneration]

   It affects your accuracy and damage with ranged weapons and melee attacks
   (+3).
   It protects you from negative energy.
   It increases your rate of regeneration.
   It causes draining when unequipped.
   It makes you more stealthy.
 K - an uncursed amulet of reflection
 Y - a +4 ring of protection (right hand)
Wands
 t - a wand of paralysis (9)
 y - a wand of acid (7)
 B - a wand of iceblast (5)
 D - a wand of polymorph (6)
 L - a wand of random effects (15)
 M - a wand of clouds (2)
 S - a wand of flame (29)
Scrolls
 d - 9 scrolls of fear
 e - 7 scrolls of remove curse
 f - a scroll of summoning
 h - 4 scrolls of immolation
 i - 4 scrolls of blinking
 l - 9 scrolls of teleportation
 o - 3 scrolls of fog
 C - a scroll of noise
 H - a scroll of acquirement {unknown}
 J - 4 scrolls of magic mapping
 W - a scroll of torment {unknown}
Potions
 j - 5 potions of mutation
 k - 7 potions of curing
 p - 8 potions of haste
 q - 4 potions of flight
 s - a potion of might
 w - 6 potions of heal wounds
 z - 2 potions of cancellation {unknown}
 A - 3 potions of magic
 I - 2 potions of ambrosia {unknown}
 T - 2 potions of berserk rage {unknown}
 U - a potion of stabbing {unknown}
Miscellaneous
 O - a lightning rod (4/4)
 P - a phantom mirror
Comestibles
 c - 41 rations


   Skills:
 * Level 14.6 Fighting
 * Level 15.8 Axes
 + Level 12.6 Armour
 + Level 10.1 Dodging
 + Level 12.0 Shields
 + Level 4.2 Evocations


You had 14 spell levels left.
You didn't know any spells.
Your spell library was empty.

Dungeon Overview and Level Annotations

Branches:
Dungeon (12/15)            Temple (0/1) D:6            Lair (6/6) D:11
 Shoals (0/4) Lair:2        Snake (0/4) Lair:3        Slime (0/5) Lair:6
    Orc (2/2) D:12            Elf (0/3) Orc:2       Ossuary (visited)
Volcano (visited)

Altars:
Ashenzari
Elyvilon
Fedhas
Gozag
Hepliaklqana
Kikubaaqudgha
Nemelex Xobeh
Okawaru
Qazlal
Ru
Sif Muna
Trog
Wu Jian
Xom
Yredelemnul
The Shining One
Jiyva

Shops:
D:5 ?   D:11 [   Orc:1 *

Annotations:
Lair:3 1 runed translucent door, exclusion: oklob plant
Lair:5 2 transporters, bmj180's ghost, journeyman DrCj


Message History

The orange demon hits you but does no damage.
The orange demon stings you but does no damage.
The orange demon hits you but does no damage.
The orc priest shouts, "Join the one true god or die!"
Okay, then.
Okay, then.
As you read the scroll of teleportation, it crumbles to dust.
You feel strangely unstable.
The orc high priest no longer looks unusually strong.
The orc priest no longer looks unusually strong.
The orc knight no longer looks unusually strong.
You block the ufetubus's attack. x2
The ynoxinul gestures.
The smoke demon gestures at you. Beogh smites you!
* * * LOW HITPOINT WARNING * * *
The orc knight roars a battlecry!
The orcs go into a battle-frenzy!
The orc high priest invokes the aid of Beogh against you.
Beogh smites you!
You die...

..## ###.....### .....##
###.........# .......##
##............
.......3###.............
#.#.#.#4#)#.#.#.#.#.#.#.
....oooo))).............
....oooo#o#.............
...5oo4o3...............
#.#.#o#@#.#.#.#.#.#.#.#.
....3545###.............
...5.55## ##............
..5..## ##.........#
...## ##.. ..## ##


You could see 2 orc knights, 2 orc high priests, 2 orange demons, a hellwing
(summoned), a sixfirhy (summoned, fast), a smoke demon (summoned), a ynoxinul
(summoned), 3 orc warriors, 4 orc priests, an orc (strong) and 7 ufetubi.

Vanquished Creatures
  An orc warlord (Orc:1)
  2 entropy weavers (Lair:6)
  A stone giant (Orc:2)
  A fire dragon (Lair:6)
  Fannar (Lair:2)
  2 hydras (Lair:4)
  Erica (Orc:1)
  A dancing weapon (Volcano)
  A two-headed ogre (Orc:2)
  A queen ant (Lair:6)
  3 death yaks (Lair:5)
  2 orc high priests (Orc:2)
  5 wizards (Volcano)
  2 lindwurms (Lair:6)
  Pikel (D:9)
  5 orc knights
  A wolf spider (Lair:6)
  A manticore (D:11)
  An orc sorcerer (Orc:2)
  6 elephants (Lair:5)
  Joseph (D:9)
  A guardian serpent (Lair:6)
  4 toenail golems (Volcano)
  8 black mambas
  9 spiny frogs
  6 torpor snails
  A gargoyle (D:10)
  2 rime drakes
  13 komodo dragons
  3 tyrant leeches (Lair:6)
  4 trolls
  A polar bear (Lair:5)
  Prince Ribbit (D:9)
  13 hornets
  12 blink frogs
  12 hippogriffs
  6 dream sheep
  2 redbacks (Lair:6)
  14 wyverns
  2 basilisks
  36 yaks
  5 hungry ghosts
  6 wargs
  An acid dragon (D:11)
  15 water moccasins
  9 soldier ants
  6 porcupines
  4 sky beasts
  2 ice beasts
  25 orc warriors
  2 black bears
  An eye of draining (D:9)
  9 ogres
  A phantom (D:9)
  3 necrophages
  11 wolves
  7 centaurs
  5 crocodiles
  3 big kobolds (D:8)
  18 bullfrogs
  3 scorpions
  4 killer bees
  15 wights
  2 howler monkeys
  2 crimson imps
  Crazy Yiuf (D:7)
  8 hounds
  2 jellies
  2 centaur skeletons
  2 bullfrog skeletons
  28 orc priests
  An iguana (D:9)
  5 hell rats (Lair:6)
  10 orc wizards
  19 worker ants
  2 big kobold zombies (Ossuary)
  4 hound skeletons
  A hound zombie (D:6)
  8 mummies (Ossuary)
  A howler monkey zombie (D:9)
  2 worker ant zombies
  8 gnolls
  A howler monkey skeleton (D:2)
  10 adders
  2 shadow imps
  2 oozes
  An adder skeleton (D:6)
  2 adder zombies
  2 worms
  4 dart slugs
  7 leopard geckos
  75 orcs
  9 bats
  5 giant cockroaches
  A gnoll zombie (Ossuary)
  10 goblins
  8 hobgoblins
  23 jackals
  10 quokkas
  2 ball pythons
  7 frilled lizards
  3 hobgoblin zombies (Ossuary)
  9 kobolds
  A leopard gecko skeleton (D:6)
  A leopard gecko zombie (D:5)
  2 orc zombies (Ossuary)
  A quokka skeleton (D:5)
  6 rats
  10 fungi
  4 plants (Lair:6)
671 creatures vanquished.

Vanquished Creatures (collateral kills)
  A toenail golem (Volcano)
  2 orc warriors
  2 orc priests
  An orc wizard (Orc:1)
6 creatures vanquished.

Vanquished Creatures (others)
  A black bear (D:9)
  2 slaves (D:9)
  A centaur (D:9)
  A bullfrog (D:9)
  A wight (D:9)
  A quokka (D:9)
  2 bushes (Lair:3)
  6 fungi
  12 plants
27 creatures vanquished.

Grand Total: 704 creatures vanquished

Notes
Turn   | Place    | Note
-------+----------+-------------------------------------------
     0 | D:1      | Gwenloh the Hill Orc Berserker began the quest for the Orb.
     0 | D:1      | Reached XP level 1. HP: 19/19 MP: 1/1
   165 | D:1      | Reached XP level 2. HP: 27/27 MP: 2/2
   655 | D:1      | Reached XP level 3. HP: 30/33 MP: 3/3
  1204 | D:2      | Reached ** piety under Trog
  1364 | D:2      | Found a bloodstained altar of Trog.
  1370 | D:2      | Found a stormy altar of Qazlal.
  1370 | D:2      | Found a white marble altar of Elyvilon.
  1371 | D:2      | Found a hazy altar of Hepliaklqana.
  1371 | D:2      | Found an ancient bone altar of Kikubaaqudgha.
  1371 | D:2      | Found an iron altar of Okawaru.
  1372 | D:2      | Found an opulent altar of Gozag.
  1546 | D:2      | Found a sparkling altar of Nemelex Xobeh.
  1638 | D:2      | Reached XP level 4. HP: 21/40 MP: 4/4
  1808 | D:2      | Found a blossoming altar of Fedhas.
  2055 | D:2      | You fall into a shaft and drop 1 floor!
  2356 | D:2      | Found a shimmering altar of Xom.
  2532 | D:3      | Found a faded altar of an unknown god.
  2718 | D:3      | Reached skill level 5 in Axes
  3028 | D:3      | Reached XP level 5. HP: 47/47 MP: 5/5
  3199 | D:3      | Found a sacrificial altar of Ru.
  3355 | D:3      | Reached *** piety under Trog
  3731 | D:4      | Found a sand-covered staircase.
  3736 | Ossuary  | Entered an ossuary
  4132 | Ossuary  | Reached skill level 5 in Fighting
  4132 | Ossuary  | Reached XP level 6. HP: 11/56 MP: 6/6
  4985 | D:4      | Reached skill level 6 in Axes
  5554 | D:4      | Found a shattered altar of Ashenzari.
  5554 | D:4      | Found a shimmering blue altar of Sif Muna.
  5669 | D:4      | Reached XP level 7. HP: 57/61 MP: 7/7
  5752 | D:5      | Entered Level 5 of the Dungeon
  6117 | D:5      | Found Iceah's Magic Scroll Emporium.
  6124 | D:5      | Bought a scroll of identify for 22 gold pieces
  6124 | D:5      | Bought a scroll of identify for 22 gold pieces
  6124 | D:5      | Bought a scroll of magic mapping for 38 gold pieces
  6365 | D:5      | Reached skill level 1 in Shields
  6677 | D:6      | Found a staircase to the Ecumenical Temple.
  6832 | D:6      | Found a white marble altar of Elyvilon.
  6934 | D:6      | Found an ornate altar of the Wu Jian Council.
  7088 | D:6      | Reached skill level 5 in Armour
  7088 | D:6      | Reached XP level 8. HP: 55/70 MP: 8/8
  7188 | D:6      | Reached skill level 7 in Axes
  7724 | D:6      | Found a basalt altar of Yredelemnul.
  7726 | D:6      | Noticed a profane servitor
  8149 | D:6      | Found a glowing golden altar of the Shining One.
  8151 | D:6      | Noticed an angel
  8414 | D:7      | Noticed a hippogriff
  8437 | D:7      | Killed a hippogriff
  8437 | D:7      | Reached skill level 8 in Axes
  8437 | D:7      | Reached XP level 9. HP: 32/79 MP: 9/9
  9576 | D:7      | Reached skill level 5 in Dodging
  9960 | D:7      | Reached skill level 5 in Shields
 10281 | D:7      | Found a runed translucent door.
 10282 | D:7      | Noticed Crazy Yiuf
 10289 | D:7      | Paralysed by Crazy Yiuf for 4 turns
 10293 | D:7      | Killed Crazy Yiuf
 10508 | D:8      | Reached skill level 9 in Axes
 10778 | D:8      | Noticed a hornet
 10784 | D:8      | Killed a hornet
 10784 | D:8      | Reached XP level 10. HP: 84/90 MP: 10/10
 11296 | D:9      | Reached **** piety under Trog
 11670 | D:9      | Reached skill level 10 in Axes
 11794 | D:9      | Noticed Pikel
 11803 | D:9      | Killed Pikel
 12005 | D:9      | Noticed Prince Ribbit
 12016 | D:9      | Killed Prince Ribbit
 12323 | D:9      | Noticed Joseph
 12343 | D:9      | Killed Joseph
 12343 | D:9      | Reached XP level 11. HP: 44/99 MP: 11/11
 12853 | D:10     | Entered Level 10 of the Dungeon
 13827 | D:10     | Reached skill level 10 in Fighting
 14481 | D:11     | Reached skill level 11 in Axes
 14506 | D:11     | Noticed a six-headed hydra
 14534 | D:11     | Noticed a manticore
 14744 | D:11     | Found Biggephel's Armour Shop.
 14752 | D:11     | Bought a +2 pair of boots of running for 581 gold pieces
 15186 | D:11     | Found a staircase to the Lair.
 15573 | D:11     | Killed a manticore
 15934 | Lair:1   | Entered Level 1 of the Lair of Beasts
 15984 | Lair:1   | Found a dark tunnel.
 15994 | Volcano  | Entered a volcano
 16040 | Volcano  | Noticed a wizard
 16046 | Volcano  | Killed a wizard
 16063 | Volcano  | Noticed a wizard
 16076 | Volcano  | Killed a wizard
 16100 | Volcano  | Noticed a wizard
 16113 | Volcano  | Killed a wizard
 16113 | Volcano  | Reached XP level 12. HP: 94/108 MP: 12/12
 16280 | Volcano  | Reached skill level 12 in Axes
 16285 | Volcano  | Reached skill level 10 in Armour
 17414 | Lair:2   | Noticed Fannar
 17431 | Lair:2   | Killed Fannar
 17536 | Lair:2   | Found a staircase to the Shoals.
 17745 | Lair:2   | Got a clouded sapphire amulet
 18187 | Lair:2   | Reached XP level 13. HP: 114/117 MP: 13/13
 18408 | Lair:2   | Identified the amulet "Xithroug" {*Drain rN+ Regen+ Slay+3
                  | Stlth+} (You found it on level 2 of the Lair of Beasts)
 18445 | Lair:3   | Found a runed translucent door.
 18496 | Lair:3   | Reached skill level 13 in Axes
 18711 | Lair:3   | Reached skill level 10 in Shields
 18731 | Lair:3   | Reached ***** piety under Trog
 18960 | Lair:3   | Found a staircase to the Snake Pit.
 20725 | Lair:5   | Got a slimy shortbow
 20728 | Lair:5   | Identified the +6 shortbow of Honour {venom, +Fly rF- rC+
                  | Dex+2} (You found it on level 5 of the Lair of Beasts)
 20756 | Lair:5   | Found a transporter.
 20759 | Lair:5   | Found a transporter.
 20805 | Lair:5   | Noticed bmj180's ghost (journeyman DrCj)
 21119 | Lair:5   | Reached skill level 14 in Axes
 21247 | Lair:5   | Got a distressingly furry tower shield
 21264 | Lair:5   | Identified the +8 tower shield of Disaster {Dex+3} (You
                  | found it on level 5 of the Lair of Beasts)
 21330 | Lair:5   | Reached XP level 14. HP: 107/129 MP: 14/14
 21724 | Lair:6   | Entered Level 6 of the Lair of Beasts
 22122 | Lair:6   | Noticed an entropy weaver
 22125 | Lair:6   | Noticed an entropy weaver
 22131 | Lair:6   | Killed an entropy weaver
 22131 | Lair:6   | Reached skill level 1 in Evocations
 22160 | Lair:6   | Received a gift from Trog
 22192 | Lair:6   | Killed an entropy weaver
 22314 | Lair:6   | Found a runed translucent door.
 22635 | Lair:6   | Found a viscous altar of Jiyva.
 22635 | Lair:6   | Found a staircase to the Slime Pits.
 23095 | Lair:6   | Reached skill level 15 in Axes
 23997 | D:12     | Found a staircase to the Orcish Mines.
 24717 | Orc:1    | Entered Level 1 of the Orcish Mines
 24728 | Orc:1    | Noticed an orc warlord
 24732 | Orc:1    | Received a gift from Trog
 24751 | Orc:1    | Killed an orc warlord
 24929 | Orc:1    | Noticed Erica
 24946 | Orc:1    | Killed Erica
 25236 | Orc:1    | Found Mapryc's Assorted Antiques.
 25245 | Orc:1    | Bought a potion of curing for 102 gold pieces
 25245 | Orc:1    | Bought a scroll of blinking for 255 gold pieces
 25392 | Orc:2    | Entered Level 2 of the Orcish Mines
 25404 | Orc:2    | Noticed a stone giant
 25428 | Orc:2    | Killed a stone giant
 25428 | Orc:2    | Reached skill level 10 in Dodging
 25428 | Orc:2    | Reached XP level 15. HP: 124/139 MP: 17/17
 25849 | Orc:2    | Found a staircase to the Elven Halls.
 25914 | Orc:2    | Received a gift from Trog
 26342 | Orc:2    | Killed from afar by an orc high priest

Illustrated notes

Levels and vault maps discovered:
D:1:      dpeg_arrival_fog, layout_loops_corners
D:2:      layout_loops_cross, grunt_temple_overflow_open, lemuel_round_altar,
          old_standard_altar, tgw_xom
D:3:      layout_loops_cross, nicolae_ru_path_of_blood,
          chequers_ecumenical_altar_twisty, first_ration
D:4:      layout_loops_ring, gammafunk_temple_overflow_statue,
          nicolae_ossuary_entry_plus
D:5:      layout_basic, serial_shops, shop
D:6:      layout_basic, grunt_temple_overflow_holy_war,
          minmay_temple_entry_sparse_star, basic_altar, elyvilon_altar_4
D:7:      layout_basic, grunt_ogre_cave, uniq_crazy_yiuf_cottage
D:8:      layout_gridville, st_stairs_4, chequers_garden,
          minmay_unpleasant_kobolds
D:9:      layout_basic, uniq_joseph, uniq_pikel, uniq_prince_ribbit1
D:10:     minmay_octagon_keep, layout_layer_cave
D:11:     layout_basic, erik_lair_dragon, serial_shops, shop_statue,
          lightli_corner_chamber
D:12:     layout_stronghold, minmay_orc_entry_guard_dogs
Lair:1:   layout_chaotic_city, enter_volcano_2, beast_lair_carwin_1,
          infiniplex_staircase_pool
Lair:2:   layout_regular_city, shoals_dummy_entry,
          nicolae_quartered_pool_little, uniq_fannar
Lair:3:   layout_regular_city, dummy_snake_entry, minmay_lair_oklob_bushes,
          pf_torpor_hydra, serial_bayou_shore_a, serial_bayou_shore_b,
          lemuel_fruit_tree, grunt_megastairs_2, serial_bayou_shore_b,
          infiniplex_staircase_pool_2
Lair:4:   wander_river, layout_misc_corridors
Lair:5:   layout_big_grid, gammafunk_ghost_hive
Lair:6:   wormcave, layout_regular_city, hangedman_lair_tendril_chambers,
          slime_altar_1, wad_woods_road_03, minmay_another_anthill
Orc:1:    layout_caves, serial_shops, nicolae_shop_waterfront, uniq_erica
Orc:2:    st_orc_pillars, layout_diamond_mine

Skill      XL: |  1  2  3  4  5  6  7  8  9 10 11 12 13 14 15 |
---------------+----------------------------------------------+-----
Fighting       | 4 5 6 7 8 9 10 11 13 14 | 14.6
Dodging        | 2 3 4 5 6 7 8 9 10 | 10.1
Armour         | 3 4 5 6 7 8 9 10 11 12 | 12.6
Axes           | 5 6 8 9 10 11 12 14 15 | 15.8
Shields        | 2 4 5 7 8 9 11 12 | 12.0
Evocations     | 3 4 |  4.2

Action                   |  1- 3 |  4- 6 |  7- 9 | 10-12 | 13-15 || total
-------------------------+-------+-------+-------+-------+-------++-------
Melee: Hand axe          |   125 |   278 |   265 |       |       ||   668
       Battleaxe         |       |       |    43 |   516 |   345 ||   904
       Flail             |       |       |       |       |    12 ||    12
       War axe           |       |       |       |       |   409 ||   409
       Broad axe         |       |       |       |       |    13 ||    13
 Fire: Shortbow          |       |     7 |   154 |   173 |   121 ||   455
       Hand crossbow     |       |       |       |       |    56 ||    56
Throw: Stone             |       |    53 |       |       |       ||    53
       Dart              |       |    20 |     8 |    14 |    92 ||   134
       Boomerang         |       |       |       |    25 |       ||    25
Invok: Berserk           |     1 |     4 |     4 |     5 |     6 ||    20
       Trog's Hand       |       |     5 |     9 |    12 |     8 ||    34
       Brothers in Arms  |       |       |       |     1 |     7 ||     8
 Abil: Evoke Invisibilit |       |       |       |       |     2 ||     2
Evoke: Lightning rod     |       |       |       |     2 |     1 ||     3
       Wand              |       |       |       |     4 |     4 ||     8
  Use: Scroll            |       |    11 |    10 |     9 |    13 ||    43
       Potion            |       |       |       |       |     5 ||     5
 Stab: Sleeping          |     1 |     1 |       |       |       ||     2
       Invisible         |       |       |       |       |     8 ||     8
  Eat: Chunk             |     3 |     9 |    20 |    41 |    34 ||   107
       Ration            |       |     3 |     3 |       |     1 ||     7
Armor: Animal skin       |    19 |     2 |       |       |       ||    21
       Leather armour    |       |    56 |       |       |       ||    56
       Scale mail        |       |       |   107 |   108 |   212 ||   427
       Ring mail         |       |       |       |   102 |       ||   102
       Fire dragon scale |       |       |       |       |    56 ||    56
Dodge: Dodged            |    88 |   155 |   217 |   379 |   413 ||  1252
Block: Other             |       |       |     9 |    40 |       ||    49
       Reflection        |       |       |     2 |     2 |       ||     4
       Tower shield      |       |       |       |       |   556 ||   556

Table legend:
 A = Non-vault XP
 B = Vault XP
 C = Vault XP percentage of total XP
 D = Non-vault monster count
 E = Vault monster count
 F = Vault count percentage of total count
                 A         B        C        D         E       F
            +---------+---------+-------+---------+---------+-------
      Total |   53005 |   43836 |  45.3 |     460 |     204 |  30.7
            +---------+---------+-------+---------+---------+-------
        D:1 |      45 |       0 |   0.0 |      24 |       0 |   0.0
        D:2 |      48 |      11 |  18.6 |      18 |       6 |  25.0
        D:3 |      86 |       0 |   0.0 |      30 |       0 |   0.0
        D:4 |     224 |       0 |   0.0 |      10 |       0 |   0.0
        D:5 |     204 |       0 |   0.0 |       9 |       0 |   0.0
        D:6 |    1300 |       0 |   0.0 |      30 |       0 |   0.0
        D:7 |    1721 |     171 |   9.0 |      25 |       2 |   7.4
        D:8 |    2220 |     293 |  11.7 |      23 |       8 |  25.8
        D:9 |    1737 |    1372 |  44.1 |      26 |       3 |  10.3
       D:10 |    1752 |     578 |  24.8 |      14 |       8 |  36.4
       D:11 |    2763 |    1443 |  34.3 |      26 |       5 |  16.1
       D:12 |    1941 |     337 |  14.8 |      19 |       2 |   9.5
     Lair:1 |    1642 |    1881 |  53.4 |      10 |       6 |  37.5
     Lair:2 |    5196 |    1023 |  16.4 |      20 |       1 |   4.8
     Lair:3 |    4776 |     603 |  11.2 |      23 |       3 |  11.5
     Lair:4 |    7973 |       0 |   0.0 |      30 |       0 |   0.0
     Lair:5 |    8835 |       0 |   0.0 |      24 |       0 |   0.0
     Lair:6 |     810 |   22806 |  96.6 |       9 |      80 |  89.9
      Orc:1 |    4372 |     934 |  17.6 |      43 |       1 |   2.3
      Orc:2 |    5360 |    5937 |  52.6 |      47 |      52 |  52.5
    Ossuary |       0 |     204 | 100.0 |       0 |      16 | 100.0
    Volcano |       0 |    6243 | 100.0 |       0 |      11 | 100.0
            +---------+---------+-------+---------+---------+-------
